 Dungeon Crawl Stone Soup version 0.22-a0-618-gd6a3efe (webtiles) character file.

2193 Ijustatesigmund the Chopper (level 9, -7/63 HPs)
             Began as an Octopode Fighter on July 13, 2018.
             Was a Follower of the Shining One.
             Mangled by a yak (16 damage)
             ... on level 9 of the Dungeon.
             The game lasted 00:12:30 (6079 turns).

Ijustatesigmund the Chopper (Octopode Fighter)      Turns: 6079, Time: 00:12:31

Health: -7/63      AC:  1    Str: 20    XL:     9   Next: 33%
Magic:  21/21      EV: 14    Int: 10    God:    the Shining One [*.....]
Gold:   365        SH: 11    Dex: 15    Spells: 7/8 levels left

rFire    . . .     SeeInvis .   a - +1 war axe
rCold    . . .     Gourm    .   b - +1 shield
rNeg     + . .     Faith    .   (helmet restricted)
rPois    .         Spirit   .   (no amulet)
rElec    .         Reflect  .   h - ring of magical power
rCorr    .         Harm     .   q - ring of positive energy
MR       .....                  (no ring)
Stlth    +.........             (no ring)
HPRegen  0.20/turn              (no ring)
MPRegen  0.17/turn              (no ring)
                                (no ring)
                                (no ring)

@: mighty, glowing
A: almost no armour, stealthy swim, amphibious, 8 rings, constrict 8, camouflage
1, gelatinous body 1
a: Renounce Religion


You were on level 9 of the Dungeon.
You worshipped the Shining One.
The Shining One was aware of your devotion.
You were hungry.

You visited 1 branch of the dungeon, and saw 8 of its levels.

You collected 365 gold pieces.

Inventory:

Hand Weapons
 a - a +1 war axe (weapon)
Armour
 b - a +1 shield (worn)
Jewellery
 h - a ring of magical power (left tentacle)
 q - a ring of positive energy (right tentacle)
Scrolls
 g - a scroll of identify
 n - 2 scrolls of immolation
 p - 2 scrolls of blinking
 r - 4 scrolls of remove curse
Potions
 e - 2 potions of brilliance
 f - a potion of flight
 i - a potion of cancellation
 j - 2 potions of agility
 k - a potion of magic
 l - 3 potions of curing
 m - a potion of haste
 o - 3 potions of heal wounds
 s - a potion of berserk rage
 t - a potion of mutation {unknown}
Comestibles
 d - 12 rations


   Skills:
 + Level 6.7 Fighting
 + Level 7.4 Axes
 + Level 5.5 Dodging
 - Level 4.8 Shields
 + Level 4.8 Invocations


You had 7 spell levels left.
You knew the following spells:

 Your Spells              Type           Power        Failure   Level  Hunger
a - Magic Dart            Conj           #...         80%         1    ##.....

Your spell library contained the following spells:

 Spells                   Type           Power        Failure   Level  Hunger
 Iskenderun's Mystic Bla  Conj           #.......     100%        4    #####..
 Fulminant Prism          Conj/Hex       #.........   100%        4    #####..
 Dazzling Spray           Conj/Hex       #.....       99%         3    ####...
 Force Lance              Conj/Tloc      #.......     100%        4    #####..
 Searing Ray              Conj           #.....       91%         2    ###....


Dungeon Overview and Level Annotations

Branches:
Dungeon (7/15)             Temple (0/1) D:5

Altars:
Ashenzari
Dithmenos
Fedhas
Nemelex Xobeh
Sif Muna
Trog
Uskayaw
Vehumet
Wu Jian
Xom
Zin
The Shining One

Shops:
D:4 [


Innate Abilities, Weirdness & Mutations

You cannot wear most types of armour.
You are very stealthy in the water. (Stealth+)
You are amphibious.
You can wear up to eight rings at the same time.
You can use your tentacles to constrict eight enemies at once.
Your skin changes colour to match your surroundings (Stealth+).
Your rubbery body absorbs attacks. (AC +1, EV +1)


Message History

You slash the yak! The yak gores you! The yak gores you.
You hit the yak.
The yak is severely wounded.
You hit the yak. You block the yak's attack. x2
You slash the yak!
You kill the yak!
You hit the yak but do no damage.
You are feeling hungry.
You block the yak's attack.
You feel very mighty all of a sudden. The yak gores you!
* * * LOW HITPOINT WARNING * * *
The yak gores you!
* * * LOW HITPOINT WARNING * * *
Your shield prevents you from hitting the yak.
You hit the yak.
The yak snorts and paws the ground.
The yak barely misses you. The yak gores you but does no damage.
The yak gores you!
You die...

....... ...
#......######...
#......#........
#......#........ #..
#......#........#....#..
#......#........'....#..
#.....Y#........#...)#..
#....YY@.##### #....#..
.....####....##+#....#..
... #....#..#....#.. .
#....#..#....#..
#..))#..#....[..
#....#'##....#..
####.........#..
#.........###
#.........#..


You could see 3 yaks.

Vanquished Creatures
  A troll (D:9)
  Prince Ribbit (D:5)
  A yak (D:9)
  2 orc warriors
  An ice beast (D:9)
  3 ogres
  2 centaurs
  2 bullfrogs
  2 scorpions
  A water moccasin skeleton (D:7)
  3 crimson imps
  4 hounds (D:4)
  A jelly (D:5)
  2 orc priests
  2 centaur skeletons
  2 orc wizards
  A worker ant (D:6)
  8 gnolls
  6 adders
  3 oozes (D:1)
  An adder zombie (D:7)
  4 worms
  2 dart slugs
  A leopard gecko (D:2)
  20 orcs
  4 giant cockroaches
  3 goblins
  4 hobgoblins
  7 jackals
  6 kobolds
  5 quokkas
  2 ball pythons
  4 bats
  2 frilled lizards
  A giant cockroach zombie (D:6)
  2 quokka skeletons
  7 rats
123 creatures vanquished.

Notes
Turn   | Place    | Note
-------+----------+-------------------------------------------
     0 | D:1      | Ijustatesigmund the Octopode Fighter began the quest for the Orb.
     0 | D:1      | Reached XP level 1. HP: 16/16 MP: 1/1
    94 | D:1      | Reached XP level 2. HP: 21/21 MP: 2/2
   658 | D:1      | Reached XP level 3. HP: 26/26 MP: 3/3
   699 | D:1      | Reached skill level 3 in Axes
   930 | D:2      | Reached XP level 4. HP: 24/31 MP: 4/4
  1903 | D:3      | Noticed a bullfrog
  1909 | D:3      | Killed a bullfrog
  1909 | D:3      | Reached skill level 4 in Axes
  1909 | D:3      | Reached XP level 5. HP: 24/37 MP: 5/5
  2101 | D:3      | Found a hide-covered altar of Uskayaw.
  2101 | D:3      | Noticed a hand axe
  2101 | D:3      | Noticed a dagger
  2289 | D:3      | Found a shimmering altar of Xom.
  2554 | D:4      | Reached XP level 6. HP: 39/43 MP: 6/6
  2721 | D:3      | Reached skill level 5 in Axes
  2904 | D:4      | Reached XP level 7. HP: 49/49 MP: 7/7
  3112 | D:4      | Found an ornate altar of the Wu Jian Council.
  3118 | D:4      | Found a shattered altar of Ashenzari.
  3119 | D:4      | Found a blossoming altar of Fedhas.
  3120 | D:4      | Found a bloodstained altar of Trog.
  3122 | D:4      | Found a glowing silver altar of Zin.
  3202 | D:4      | Learned a level 1 spell: Magic Dart
  3221 | D:4      | Found a sparkling altar of Nemelex Xobeh.
  3344 | D:4      | Found a radiant altar of Vehumet.
  3344 | D:4      | Found a glowing golden altar of the Shining One.
  3345 | D:4      | Found a shadowy altar of Dithmenos.
  3353 | D:4      | Became a worshipper of the Shining One
  3376 | D:4      | Found Ettad's Armour Shop.
  3670 | D:5      | Entered Level 5 of the Dungeon
  3687 | D:5      | Reached skill level 5 in Fighting
  3687 | D:5      | Reached skill level 1 in Invocations
  3826 | D:5      | Reached skill level 6 in Axes
  3896 | D:5      | Noticed Prince Ribbit
  3902 | D:5      | Killed Prince Ribbit
  3902 | D:5      | Reached XP level 8. HP: 21/56 MP: 9/9
  4190 | D:5      | Found a staircase to the Ecumenical Temple.
  4784 | D:6      | Found a sparkling altar of Nemelex Xobeh.
  4975 | D:6      | Reached * piety under the Shining One
  5228 | D:7      | Got an iridescent rapier
  5229 | D:7      | Identified the +7 rapier of the Trees {pain, rC+} (You found it on level 7 of the Dungeon)
  5250 | D:7      | Found a deep blue altar of Sif Muna.
  5539 | D:7      | You fall through a shaft for 2 floors!
  5556 | D:9      | Reached skill level 7 in Axes
  5556 | D:9      | Reached skill level 5 in Dodging
  5761 | D:9      | Noticed a troll
  5768 | D:9      | Reached XP level 9. HP: 62/62 MP: 12/12
  5770 | D:9      | Killed a troll
  6079 | D:9      | Mangled by a yak

Vault maps used:
D:1:      eino_arrival_cavern_a, nrook_mini_vaults, minmay_hedge_maze,
          serial_park_tiny_1
D:3:      dancing_weapons_uskayaw, nicolae_overflow_crystal_walls, first_ration
D:4:      minitemple, nemelex_xobeh_ov_fountains_minmay,
          gammafunk_temple_overflow_claw, serial_shops, nicolae_shop_trees
D:5:      minmay_temple_entry_trees, minmay_misc_feat_diagonals, st_stairs_5,
          uniq_prince_ribbit1
D:6:      nemelex_spade_bored_becter
D:7:      basic_altar, lemuel_blue_sif_altar
D:9:      uniq_pikel

Skill      XL: |  1  2  3  4  5  6  7  8 |
---------------+-------------------------+-----
Axes           | 3 4 5 6 7 |  7.4
Fighting       | 4 5 6 |  6.7
Shields        | 4 |  4.8
Invocations    | 2 4 |  4.8
Dodging        | 5 |  5.5

Action                   |  1- 3 |  4- 6 |  7- 9 || total
-------------------------+-------+-------+-------++-------
Melee: War axe           |    41 |    53 |   152 ||   246
       Tentacles         |     4 |    10 |    38 ||    52
       Constrict         |     8 |    15 |    38 ||    61
Evoke: Wand              |       |     6 |     6 ||    12
  Use: Scroll            |     5 |     1 |    12 ||    18
       Potion            |       |     1 |     5 ||     6
 Stab: Sleeping          |     3 |    14 |       ||    17
       Distracted        |       |       |     1 ||     1
  Eat: Chunk             |       |     5 |     4 ||     9
       Ration            |       |     1 |     1 ||     2
Armor: Skin              |     2 |     3 |     3 ||     8
Dodge: Dodged            |    16 |    17 |    58 ||    91
Block: Shield            |    14 |    19 |    66 ||    99

Table legend:
 A = Spawn XP
 B = Non-spawn XP
 C = Spawn XP percentage of total XP
 D = Spawn monster count
 E = Non-spawn monster count
 F = Spawn count percentage of total count
 G = Total turns spent on level
                    A         B        C        D         E        F      G
               +---------+---------+-------+---------+---------+-------+---------
         Total |       0 |    3133 |   0.0 |       0 |     123 |   0.0 |  6079
               +---------+---------+-------+---------+---------+-------+---------
           D:1 |       0 |      51 |   0.0 |       0 |      14 |   0.0 |   716
           D:2 |       0 |      59 |   0.0 |       0 |      12 |   0.0 |   985
           D:3 |       0 |     249 |   0.0 |       0 |      24 |   0.0 |  1170
           D:4 |       0 |     517 |   0.0 |       0 |      25 |   0.0 |   799
           D:5 |       0 |     870 |   0.0 |       0 |      24 |   0.0 |   890
           D:6 |       0 |     187 |   0.0 |       0 |       6 |   0.0 |   641
           D:7 |       0 |     303 |   0.0 |       0 |      10 |   0.0 |   338
           D:9 |       0 |     897 |   0.0 |       0 |       8 |   0.0 |   540
               +---------+---------+-------+---------+---------+-------+---------
